 Dungeon Crawl Stone Soup version 0.23-a0-356-g1757c6e (webtiles) character file.

140298 Garbasso the Warrior (level 16, -11/160 HPs)
             Began as a Red Draconian Fire Elementalist on Oct 21, 2018.
             Was a High Priest of Vehumet.
             Mangled by a bone dragon (12 damage)
             ... on level 2 of the Abyss.
             The game lasted 02:59:27 (43924 turns).

Garbasso the Warrior (DrFE)                        Turns: 43924, Time: 02:59:27

Health: -11/160    AC: 16    Str: 12      XL:     16   Next: 75%
Magic:  13/29      EV: 22    Int: 25      God:    Vehumet [*****.]
Gold:   2049       SH:  5    Dex: 16 (17) Spells: 3/33 levels left

rFire    + . .     SeeInvis .   a - +5 dagger of Pandemonium {speed, rElec Str+2 Int+4 Dex+3}
rCold    . . .     Gourm    +   l - +0 buckler
rNeg     . . .     Faith    .   (armour unavailable)
rPois    .         Spirit   .   (helmet restricted)
rElec    +         Reflect  .   p - +2 cloak {MR+}
rCorr    .         Harm     .   v - +2 pair of gloves {archery}
MR       +++..     Rnd*Rage +   G - +0 pair of boots
Stlth    ++........             Q - amulet of the gourmand
HPRegen  0.36/turn              E - ring of protection from magic
MPRegen  0.21/turn              m - ring of magical power

@: no status effects
A: breathe fire, unfitting armour, berserk 1[+1], [blurry vision 2],
[deterioration 2], fire resistance 1, [low mp 3], [screaming 2], [no potion heal
2], cold-blooded, [subdued magic 1], AC +9
a: Breathe Fire, Renounce Religion


You were on level 2 of the Abyss.
You worshipped Vehumet.
Vehumet was extremely pleased with you.
You were not hungry.

You visited 5 branches of the dungeon, and saw 27 of its levels.
You visited the Abyss 1 time.
You also visited: Ossuary and Volcano.

You collected 3097 gold pieces.
You spent 1048 gold pieces at shops.

Inventory:

Hand Weapons
 a - the +5 dagger of Pandemonium (weapon) {speed, rElec Str+2 Int+4 Dex+3}
   (You found it on level 5 of the Dungeon)

   Attacks with this weapon are significantly faster.
   It affects your strength (+2).
   It affects your intelligence (+4).
   It affects your dexterity (+3).
   It insulates you from electricity.
Armour
 l - a +0 buckler (worn)
 n - a scarf of repulsion
 p - a +2 cloak of magic resistance (worn)
 v - a +2 pair of gloves of archery (worn)
 G - a +0 pair of boots (worn)
 N - a +0 shield of cold resistance
Jewellery
 k - an uncursed ring of resist corrosion
 m - a ring of magical power (right hand)
 D - a cursed ring of wizardry
 E - a ring of protection from magic (left hand)
 J - an uncursed ring of ice
 Q - an amulet of the gourmand (around neck)
 U - a +5 ring of protection
 V - an uncursed ring of see invisible
Wands
 q - a wand of polymorph (11)
 u - a wand of clouds (5)
 w - a wand of acid (20)
 H - a wand of disintegration (41)
 I - a wand of digging (9)
 M - a wand of paralysis (21)
 O - a wand of iceblast (34)
 R - a wand of scattershot (2)
Scrolls
 c - a scroll of amnesia
 e - 3 scrolls of teleportation
 j - 12 scrolls of remove curse
 r - 2 scrolls of blinking
 t - 9 scrolls of enchant armour
 y - 2 scrolls of fear
 A - 2 scrolls of identify
 P - 5 scrolls of enchant weapon
 S - 2 scrolls of magic mapping
 T - 2 scrolls of fog
 Z - a scroll of immolation
Potions
 d - 6 potions of brilliance
 f - 19 potions of lignification
 g - 2 potions of heal wounds
 h - a potion of cancellation
 o - a potion of mutation
 s - 10 potions of curing
 x - 3 potions of flight
 z - a potion of invisibility
 B - 2 potions of magic
 C - 4 potions of haste
 F - 3 potions of might
 K - 3 potions of ambrosia
 W - a potion of berserk rage
 X - 2 potions of agility
Miscellaneous
 i - a fan of gales
 L - 2 phantom mirrors
Comestibles
 b - 26 rations


   Skills:
 + Level 19.0 Fighting
 + Level 12.9 Dodging
 - Level 1.7 Stealth
 - Level 4.0 Shields
 - Level 9.0 Spellcasting
 + Level 8.6 Conjurations
 - Level 16.0 Fire Magic
 * Level 6.9 Earth Magic
 - Level 2.0 Poison Magic


You had 3 spell levels left.
You knew the following spells:

 Your Spells              Type           Power        Failure   Level  Hunger
a - Flame Tongue          Conj/Fire      #####        0%          1    None
b - Ignition              Fire           ######....   12%         8    #######
c - Conjure Flame         Conj/Fire      ######..     1%          3    None
d - Fireball              Conj/Fire      ######....   1%          5    ####...
e - Sticky Flame          Conj/Fire      ######..     1%          4    ##.....
f - Bolt of Magma         Conj/Fire/Erth #####.....   1%          5    ####...
g - Olgreb's Toxic Radia  Pois           ###.....     5%          4    ##.....

Your spell library contained the following spells:

 Spells                   Type           Power        Failure   Level  Hunger
 Bolt of Cold             Conj/Ice       ####......   32%         6    ######.
 Sting                    Conj/Pois      ####         1%          1    None
 Throw Flame              Conj/Fire      ######       1%          2    None
 Inner Flame              Hex/Fire       #####...     1%          3    None
 Mephitic Cloud           Conj/Pois/Air  ###.....     1%          3    None
 Static Discharge         Conj/Air       ####....     1%          3    None
 Animate Skeleton         Necr           N/A          4%          1    None
 Pain                     Necr           #...         4%          1    None
 Summon Small Mammal      Summ           #...         4%          1    None
 Poisonous Vapours        Pois/Air       ##....       4%          2    None
 Call Imp                 Summ           #.......     7%          2    None
 Spider Form              Tmut/Pois      ##........   9%          3    None
 Call Canine Familiar     Summ           #.......     13%         3    None
 Regeneration             Chrm/Necr      #.........   13%         3    None
 Summon Guardian Golem    Hex/Summ       #.......     13%         3    None
 Vampiric Draining        Necr           #.........   13%         3    None
 Venom Bolt               Conj/Pois      ####......   4%          5    ####...
 Irradiate                Conj/Tmut      ####......   6%          5    ####...
 Lightning Bolt           Conj/Air       ####......   6%          5    ####...
 Iron Shot                Conj/Erth      #####.....   9%          6    ######.
 Leda's Liquefaction      Hex/Erth       ###.......   11%         4    ##.....
 Borgnjor's Vile Clutch   Necr/Erth      ###.......   32%         5    ####...
 Animate Dead             Necr           N/A          43%         4    ##.....
 Summon Ice Beast         Ice/Summ       #.......     43%         4    ##.....
 Summon Lightning Spire   Summ/Air       #.......     43%         4    ##.....
 Alistair's Intoxication  Tmut/Pois      ##......     65%         5    ####...
 Blade Hands              Tmut           #.........   80%         5    ####...
 Statue Form              Tmut/Erth      ###......    88%         6    ######.
 Hydra Form               Tmut           #.........   100%        6    ######.
 Dragon Form              Tmut           #.........   100%        7    #######
 Shatter                  Erth           #####.....   100%        9    #######
 Tornado                  Air            #.........   100%        9    #######


Dungeon Overview and Level Annotations

Branches:
Dungeon (15/15)            Temple (1/1) D:6            Lair (6/6) D:10
  Swamp (0/4) Lair:2        Snake (0/4) Lair:4        Slime (0/5) Lair:5
    Orc (2/2) D:12            Elf (3/3) Orc:2        Vaults (0/5) D:14
 Depths (0/5) D:15

Altars:
Ashenzari
Cheibriados
Dithmenos
Fedhas
Gozag
Hepliaklqana
Kikubaaqudgha
Makhleb
Nemelex Xobeh
Okawaru
Ru
Sif Muna
Trog
Uskayaw
Vehumet
Xom
Yredelemnul
The Shining One
Jiyva

Shops:
D:4 *   D:13 *   Orc:2 %*[[

Portals:
Trove: D:13 (give 4 potions of resistance)

Annotations:
D:6 Duvessa
Orc:2 2 runed doors, tilp's ghost, journeyman MfIE
Elf:2 3 runed doors


Innate Abilities, Weirdness & Mutations

You can breathe blasts of fire.
Your fiery red scales are hard. (AC +9)
You cannot fit into any form of body armour.
Your flesh is heat resistant. (rF+)
You are cold-blooded and may be slowed by cold attacks.
[You often lose your temper in combat.]
[Scrolls take you longer to read.]
[Your body often deteriorates upon taking damage.]
[Your magical capacity is extremely low. (-30% MP)]
[You sometimes yell uncontrollably at your foes.]
[Potions are poor at restoring your health.]
[Your spells are a little easier to cast, but a little less powerful.]


Message History

The orb of energy hits you!
* * * LOW HITPOINT WARNING * * *
The white imp shouts, "Remove thy stench, thou foppish tardy-gaited The white imp gestures at you.
You block the puff of frost.
Your system partially rejects the healing.
You feel much better.
The white imp shouts, "Away with thee, thou foppish mumble-news vulture!"
Really read with blurry vision while enemies are nearby? [Y]es or [N]o only, please.
Really read with blurry vision while enemies are nearby?
The bone dragon bites you!
* * * LOW HITPOINT WARNING * * *
The bone dragon claws you but does no damage.
You block the bone dragon's attack.
You begin reading the scroll.
You continue reading the scroll.
The bone dragon bites you!
* * * LOW HITPOINT WARNING * * *
The bone dragon completely misses you. The bone dragon tramples you!
You die...

..............
.............
............
........... ....
.......... .....
#......# ....
.##......##.....
......5@........
......*D........
................
................
................
................
.##......##.....
##......##.....
.................


You could see a bone dragon, a wretched star and a white imp.

Vanquished Creatures
  Frances (D:13)
  Roxanne (Elf:1)
  Kirke (D:15)
  An orc warlord (Orc:1)
  A deep elf sorcerer (Elf:2)
  Louise (D:14)
  A deep elf demonologist (Elf:3)
  2 deep elf annihilators (Elf:3)
  A red draconian (Volcano)
  6 dire elephants
  An ettin (Orc:2)
  A deep elf death mage (Elf:2)
  2 fire dragons
  3 ogre magi
  Fannar (D:11)
  6 hydras
  An anaconda (Lair:6)
  2 centaur warriors
  13 two-headed ogres
  9 dancing weapons
  3 orc high priests (Orc:2)
  7 deep elf knights
  4 unseen horrors
  8 deep elf archers
  A swamp dragon (shapeshifter) (D:15)
  A wolf spider (Elf:1)
  17 ugly things
  7 orc knights
  A salamander (D:15)
  5 cyclopes
  5 orc sorcerers (Orc:2)
  31 deep elf magi
  2 large abominations (Abyss:2)
  4 manticores
  Psyche (D:8)
  Maurice (D:10)
  2 torpor snails
  2 centaur zombies
  15 elephants
  Joseph (D:8)
  2 gargoyles
  7 spiny frogs
  5 black mambas
  11 komodo dragons
  3 yaktaurs (D:14)
  15 rime drakes
  A freezing wraith (Abyss:2)
  An ancient zyme (Abyss:2)
  11 trolls
  2 polar bears
  A polar bear (shapeshifter) (D:12)
  A troll (shapeshifter) (Elf:1)
  2 tyrant leeches (Lair:2)
  3 hornets
  4 blink frogs (Lair:6)
  Grinder (D:3)
  8 hippogriffs
  14 starcursed masses (Abyss:2)
  Sigmund (D:4)
  3 spriggans
  A ynoxinul (Abyss:2)
  2 air elementals
  A vampire (D:15)
  A shadow (D:11)
  3 wyverns
  39 yaks
  A wraith (D:11)
  2 hogs
  10 steam dragons (Lair:5)
  2 basilisks
  A chaos spawn (Abyss:2)
  Grum (Lair:1)
  2 small abominations (Abyss:2)
  2 swamp worms (Lair:2)
  3 wargs
  An insubstantial wisp (Elf:1)
  4 nagas (Lair:4)
  7 water moccasins
  An acid dragon (D:13)
  16 porcupines
  23 orc warriors
  3 ice beasts
  4 sky beasts
  A hornet zombie (D:10)
  An eye of draining (D:13)
  3 phantoms
  A black bear (Lair:2)
  18 ogres
  31 wolves
  5 centaurs
  13 crocodiles
  2 big kobolds
  20 bullfrogs
  An earth elemental (Elf:1)
  A water moccasin zombie (D:7)
  2 wyvern skeletons
  5 scorpions
  5 killer bees (D:7)
  A vampire bat (Elf:1)
  15 wights
  A howler monkey (D:6)
  5 crimson imps
  A bullfrog zombie (D:10)
  3 quasits
  A jelly (D:15)
  4 hounds
  Crazy Yiuf (D:2)
  4 centaur skeletons
  11 orc priests
  21 orc wizards
  4 bullfrog skeletons
  5 iguanas
  Natasha (thrice) (D:2)
  8 worker ants
  A killer bee zombie (D:8)
  2 hound skeletons
  8 mummies (Ossuary)
  8 gnolls (D:10)
  11 adders
  6 shadow imps
  An ooze (D:5)
  An adder skeleton (D:5)
  2 worms
  2 dart slugs
  11 leopard geckos
  80 orcs
  A ball python (D:2)
  5 giant cockroaches
  A gnoll zombie (Ossuary)
  10 goblins
  8 hobgoblins
  19 jackals
  13 kobolds
  5 quokkas
  9 bats
  7 frilled lizards
  A hobgoblin zombie (Ossuary)
  A jackal skeleton (D:8)
  A jackal zombie (D:6)
  A kobold zombie (Ossuary)
  A leopard gecko skeleton (D:5)
  2 leopard gecko zombies (D:5)
  5 orc zombies (Ossuary)
  A quokka skeleton (D:9)
  4 rats (D:1)
  A fungus (D:10)
  5 plants (Lair:6)
830 creatures vanquished.

Vanquished Creatures (others)
  A two-headed ogre (Volcano)
  A deep elf knight (Elf:2)
  A deep elf archer (Elf:2)
  A yaktaur (D:14)
  2 hogs (D:13)
  36 fungi
  19 plants
61 creatures vanquished.

Grand Total: 891 creatures vanquished

Notes
Turn   | Place    | Note
-------+----------+-------------------------------------------
     0 | D:1      | Garbasso the Draconian Fire Elementalist began the quest
                  | for the Orb.
     0 | D:1      | Reached XP level 1. HP: 14/14 MP: 3/3
   330 | D:1      | Reached XP level 2. HP: 18/22 MP: 0/5
   351 | D:1      | Learned a level 2 spell: Throw Flame
   387 | D:1      | Reached skill level 1 in Fighting
  1246 | D:1      | Reached XP level 3. HP: 25/28 MP: 0/6
  1304 | D:1      | Learned a level 3 spell: Conjure Flame
  1640 | D:2      | Found a bloodstained altar of Trog.
  1757 | D:2      | Reached skill level 2 in Fighting
  1879 | D:2      | Reached XP level 4. HP: 28/36 MP: 0/7
  1994 | D:2      | Found a faded altar of an unknown god.
  2230 | D:2      | Noticed Natasha
  2238 | D:2      | Killed Natasha
  2483 | D:2      | Noticed Natasha
  2489 | D:2      | Killed Natasha
  2489 | D:2      | Reached XP level 5. HP: 39/42 MP: 0/8
  3029 | D:2      | Noticed Natasha
  3048 | D:2      | Killed Natasha
  3048 | D:2      | Reached skill level 3 in Fighting
  3142 | D:2      | Found a runed door.
  3146 | D:2      | Noticed Crazy Yiuf
  3158 | D:2      | Killed Crazy Yiuf
  3460 | D:3      | Noticed Grinder
  3484 | D:3      | Reached skill level 5 in Fire Magic
  3484 | D:3      | Reached XP level 6. HP: 51/51 MP: 9/9
  3540 | D:3      | Killed Grinder
  4067 | D:4      | Found Gozag's Platinum Reserve.
  4081 | D:4      | Found an opulent altar of Gozag.
  4443 | D:4      | Reached skill level 4 in Fighting
  4443 | D:4      | Your scales start taking on a fiery red colour.
  4443 | D:4      | Reached XP level 7. HP: 59/59 MP: 10/10
  4443 | D:4      | Gained mutation: Your flesh is heat resistant. (rF+) [Red
                  | Draconian growth]
  4502 | D:4      | Noticed Sigmund
  4514 | D:4      | Killed Sigmund
  5176 | D:5      | Entered Level 5 of the Dungeon
  5466 | D:5      | Reached skill level 5 in Fighting
  5682 | D:5      | Reached XP level 8. HP: 64/68 MP: 5/11
  5690 | D:5      | Reached skill level 5 in Conjurations
  5846 | D:5      | Got an ichor-stained dagger
  5847 | D:5      | Identified the +5 dagger of Pandemonium {speed, rElec Str+2
                  | Int+4 Dex+3} (You found it on level 5 of the Dungeon)
  6015 | D:5      | Learned a level 5 spell: Fireball
  7161 | D:6      | Noticed Duvessa
  7535 | D:6      | Reached skill level 6 in Fighting
  7578 | D:6      | Found a staircase to the Ecumenical Temple.
  7588 | Temple   | Entered the Ecumenical Temple
  7655 | Temple   | Became a worshipper of Vehumet
  7890 | D:7      | Reached skill level 10 in Fire Magic
  8236 | D:7      | Found a sacrificial altar of Ru.
  8315 | D:7      | Found a sand-covered staircase.
  8319 | Ossuary  | Entered an ossuary
  8426 | Ossuary  | Reached XP level 9. HP: 70/77 MP: 1/12
  8456 | Ossuary  | Reached * piety under Vehumet
  8456 | Ossuary  | Offered knowledge of Sandblast by Vehumet.
  9087 | D:7      | Found a hide-covered altar of Uskayaw.
  9378 | D:8      | Noticed Joseph
  9379 | D:8      | Noticed Psyche
  9409 | D:8      | Reached skill level 7 in Fighting
  9523 | D:8      | Killed Psyche
  9858 | D:8      | Killed Joseph
 10126 | D:8      | Learned a level 4 spell: Sticky Flame
 10338 | D:8      | Found an iron altar of Okawaru.
 10667 | D:8      | Reached ** piety under Vehumet
 10668 | D:8      | Offered knowledge of Throw Frost by Vehumet.
 10763 | D:9      | You fall through a shaft!
 10763 | D:10     | Entered Level 10 of the Dungeon
 10853 | D:9      | Reached skill level 8 in Fighting
 10908 | D:9      | Reached XP level 10. HP: 82/88 MP: 16/16
 11469 | D:9      | Found a shimmering altar of Xom.
 11470 | D:9      | Found a snail-covered altar of Cheibriados.
 11935 | D:10     | Reached skill level 5 in Spellcasting
 12031 | D:10     | Reached skill level 9 in Fighting
 12189 | D:10     | Offered knowledge of Dazzling Spray by Vehumet.
 12194 | D:10     | Learned a level 3 spell: Dazzling Spray
 12214 | D:10     | Found a staircase to the Lair.
 12413 | D:10     | Noticed a gargoyle
 12416 | D:10     | Killed a gargoyle
 12568 | D:10     | Reached *** piety under Vehumet
 12623 | D:10     | Noticed Maurice
 12657 | D:10     | Killed Maurice
 12657 | D:10     | Reached skill level 10 in Fighting
 12880 | D:10     | Reached skill level 5 in Dodging
 12880 | D:10     | Reached XP level 11. HP: 67/101 MP: 7/20
 13357 | Lair:1   | Entered Level 1 of the Lair of Beasts
 13516 | Lair:1   | Noticed Grum
 13518 | Lair:1   | Noticed a seven-headed hydra
 13544 | Lair:1   | Killed a seven-headed hydra
 13544 | Lair:1   | Reached skill level 11 in Fighting
 13550 | Lair:1   | Killed Grum
 13873 | Lair:1   | Offered knowledge of Olgreb's Toxic Radiance by Vehumet.
 13879 | Lair:1   | Learned a level 4 spell: Olgreb's Toxic Radiance
 14985 | Lair:2   | Reached skill level 1 in Poison Magic
 15629 | Lair:2   | Reached skill level 12 in Fighting
 16145 | Lair:2   | Found a staircase to the Swamp.
 16742 | Lair:3   | Noticed a five-headed hydra
 16771 | Lair:2   | Killed a five-headed hydra
 16771 | Lair:2   | Reached skill level 13 in Fighting
 17070 | Lair:3   | Reached XP level 12. HP: 66/115 MP: 0/21
 17809 | Lair:3   | Reached **** piety under Vehumet
 18094 | Lair:2   | Offered knowledge of Bolt of Magma by Vehumet.
 18221 | Lair:3   | Reached skill level 14 in Fighting
 19613 | Lair:4   | Found a staircase to the Snake Pit.
 20132 | Lair:4   | Reached ***** piety under Vehumet
 20236 | Lair:4   | Offered knowledge of Venom Bolt by Vehumet.
 20322 | Lair:4   | Reached skill level 15 in Fighting
 21104 | Lair:5   | Reached XP level 13. HP: 117/127 MP: 4/23
 21598 | Lair:5   | Noticed a fire dragon
 21618 | Lair:5   | Killed a fire dragon
 22125 | Lair:5   | Found a viscous altar of Jiyva.
 22125 | Lair:5   | Found a staircase to the Slime Pits.
 22568 | Lair:6   | Entered Level 6 of the Lair of Beasts
 23140 | Lair:6   | Reached skill level 16 in Fighting
 24501 | Lair:6   | Reached skill level 10 in Dodging
 24975 | Lair:6   | Noticed a dire elephant
 24983 | Lair:6   | Noticed a dire elephant
 24983 | Lair:6   | Noticed a dire elephant
 24995 | Lair:6   | Noticed a dire elephant
 25397 | Lair:6   | Killed a dire elephant
 25625 | Lair:6   | Noticed a dire elephant
 25652 | Lair:6   | Killed a dire elephant
 25756 | Lair:6   | Noticed a dire elephant
 25759 | Lair:6   | Killed a dire elephant
 26093 | Lair:6   | Killed a dire elephant
 26242 | Lair:5   | Killed a dire elephant
 26242 | Lair:5   | Reached XP level 14. HP: 30/138 MP: 16/26
 26596 | Lair:6   | Identified Karaasao's Volume of the Mountains and Shape
                  | Shifting
 26604 | Lair:6   | Learned a level 5 spell: Bolt of Magma
 27098 | D:11     | Reached skill level 17 in Fighting
 27490 | D:11     | Noticed Fannar
 27497 | D:11     | Killed Fannar
 28244 | D:12     | Offered knowledge of Bolt of Draining by Vehumet.
 28496 | D:12     | Found a staircase to the Orcish Mines.
 29375 | D:13     | Found a shimmering altar of Xom.
 29621 | D:13     | Found a portal to a secret trove of treasure.
 29694 | D:13     | Found Logiyqyl's Assorted Antiques.
 29702 | D:13     | Bought a scroll labeled TISIOD OBROE for 29 gold pieces
 29702 | D:13     | Bought a scroll labeled RUELUTHEHOI for 29 gold pieces
 30613 | D:13     | Noticed Frances
 31643 | D:13     | Killed Frances
 33348 | D:14     | Noticed Louise
 33356 | D:14     | Offered knowledge of Orb of Destruction by Vehumet.
 33366 | D:14     | Killed Louise
 33541 | D:14     | Learned a level 8 spell: Ignition
 33854 | D:14     | Found a gate to the Vaults.
 34058 | D:15     | Entered Level 15 of the Dungeon
 34121 | D:15     | Noticed Kirke
 34129 | D:15     | Killed Kirke
 34129 | D:15     | Reached XP level 15. HP: 111/148 MP: 25/28
 34437 | D:15     | Found a staircase to the Depths.
 34885 | D:15     | Reached skill level 18 in Fighting
 35818 | Orc:1    | Entered Level 1 of the Orcish Mines
 35818 | Orc:1    | Found a dark tunnel.
 35828 | Volcano  | Entered a volcano
 35888 | Volcano  | Found a burning altar of Makhleb.
 36035 | Volcano  | Offered knowledge of Freezing Cloud by Vehumet.
 36035 | Volcano  | Reached skill level 15 in Fire Magic
 37062 | Orc:1    | Noticed an orc warlord
 37070 | Orc:1    | Killed an orc warlord
 37462 | Orc:2    | Entered Level 2 of the Orcish Mines
 37860 | Orc:2    | Found a large runed door.
 37860 | Orc:2    | Found a large runed door.
 37864 | Orc:2    | Noticed tilp's ghost (journeyman MfIE)
 38358 | Orc:2    | Found a staircase to the Elven Halls.
 38514 | Orc:2    | Found Ufaharer's Food Boutique.
 39140 | Orc:2    | Found Ronoiman's Assorted Antiques.
 39141 | Orc:2    | Found Ivijofim's Armour Shoppe.
 39141 | Orc:2    | Found Tenumel's Antique Armour Shoppe.
 39166 | Orc:2    | Bought a glowing shield for 180 gold pieces
 39166 | Orc:2    | Bought a pair of runed gloves for 180 gold pieces
 39174 | Orc:2    | Bought a +0 pair of boots for 54 gold pieces
 39216 | Orc:2    | Bought a papyrus book for 480 gold pieces
 39216 | Orc:2    | Bought a potion of curing for 96 gold pieces
 39353 | Elf:1    | Entered Level 1 of the Elven Halls
 39372 | Elf:1    | Noticed Roxanne
 39952 | Elf:1    | Killed Roxanne
 40321 | Elf:1    | Reached skill level 1 in Earth Magic
 40321 | Elf:1    | Reached XP level 16. HP: 159/159 MP: 24/29
 41014 | Elf:1    | Offered knowledge of Bolt of Cold by Vehumet.
 41615 | Elf:1    | Gained mutation: [You tend to lose your temper in combat.]
                  | [a neqoxec]
 41828 | Elf:1    | Identified Sif Muna's Papyrus of Moulding
 42000 | Elf:2    | Reached skill level 5 in Earth Magic
 42920 | Elf:2    | Found a runed gate.
 42920 | Elf:2    | Found a runed gate.
 42920 | Elf:2    | Found a runed gate.
 43195 | Elf:3    | Entered Level 3 of the Elven Halls
 43214 | Elf:3    | Noticed an Executioner
 43412 | Elf:3    | Cast into level 2 of the Abyss (a deep elf demonologist)
 43534 | Abyss:2  | Reached skill level 19 in Fighting
 43833 | Abyss:2  | Found a sacrificial altar of Ru.
 43912 | Abyss:2  | Noticed a bone dragon
 43924 | Abyss:2  | HP: 1/160 [bone dragon (16)]
 43924 | Abyss:2  | Mangled by a bone dragon

Vault maps used:
D:1:      dpeg_arrival_morbid_curiosity
D:2:      first_ration, chequers_ecumenical_altar_simple, bloody_trog,
          uniq_crazy_yiuf_cottage, uniq_natasha
D:3:      uniq_grinder
D:4:      nicolae_gozag_zags_fifth_avenue, uniq_sigmund
D:5:      dk_rats_in_the_wall
D:6:      minmay_temple_entry_overgrown, uniq_duvessa
D:7:      eat_drink_and_be_merry_uskayaw, lightli_ossuary_entry_decrepit_ruins,
          the_bakery, nicolae_ru_awakened_eye
D:8:      kennysheep_ambush_hall, lemuel_crystal_altar, uniq_psyche, uniq_joseph
D:9:      gammafunk_temple_overflow_statue
D:10:     due_lair_maze_entry_diamond, uniq_maurice
D:11:     uniq_fannar
D:12:     orc_0_dummy
D:13:     serial_shops, nicolae_shop_trees, enter_trove_3, xom_confusion_cloud,
          uniq_frances, uniq_kirke
D:14:     hangedman_vaults_entry_quadrant_bands, minivault_24, uniq_louise
D:15:     hangedman_depths_entry_try_elsewhere_first,
          ebering_ghost_funeral_grove, grunt_ministairs_4,
          minmay_variable_closet
Temple:   minmay_crystal_spiral_temple
Lair:1:   chequers_serial_rivers_room_a, uniq_grum
Lair:2:   minmay_swamp_entry_worms, minivault_24, forest_entry_grove,
          lemuel_fruit_fields, infiniplex_staircase_pool_2
Lair:3:   serial_bayou_lagoon_a
Lair:4:   guppyfry_snake_entry_island
Lair:5:   dpeg_slime_entry_enclosed_altar, bobbens_dragon_lair_wall
Lair:6:   due_jungle_book
Orc:1:    nicolae_volcano_entry_lava_flow
Orc:2:    st_orc_elflike, ebering_ghost_disaster_area
Elf:1:    minivault_28, hangedman_research_metamorphosis, uniq_roxanne
Elf:3:    grunt_elf_hall_branching, serial_shops,
          nicolae_shop_temple_entry_statues_fountains, minmay_misc_feat_cross
Abyss:2:  hangedman_abyss_feature_spike
Ossuary:  ossuary_tomb_3
Volcano:  kennysheep_volcano_temple

Skill      XL: |  1  2  3  4  5  6  7  8  9 10 11 12 13 14 15 16 |
---------------+-------------------------------------------------+-----
Fighting       | 1 2 3 4 5 6 8 10 13 15 16 17 18 19 | 19.0
Conjurations   | 2 3 4 5 6 7 8 |  8.6
Fire Magic     | 4 5 7 8 10 11 13 16 | 16.0
Spellcasting   | 4 6 7 8 9 |  9.0
Dodging        | 2 5 7 9 10 11 12 | 12.9
Shields        | 3 4 |  4.0
Poison Magic   | 2 |  2.0
Earth Magic    | 1 6 |  6.9
Stealth        | |  1.7

Action                   |  1- 3 |  4- 6 |  7- 9 | 10-12 | 13-15 | 16-18 || total
-------------------------+-------+-------+-------+-------+-------+-------++-------
Melee: Unarmed           |    76 |     5 |       |       |       |       ||    81
       Tailslap          |     7 |     2 |    16 |    18 |    84 |    25 ||   152
       Quarterstaff      |       |    55 |    85 |       |       |       ||   140
       Mace              |       |     8 |       |       |       |       ||     8
       Dagger            |       |       |    76 |   115 |   391 |   164 ||   746
       Flail             |       |       |    15 |       |       |       ||    15
 Cast: Flame Tongue      |    51 |    57 |   189 |   330 |   660 |    49 ||  1336
       Throw Flame       |     6 |    10 |    46 |   114 |    53 |       ||   229
       Conjure Flame     |       |     3 |       |     7 |    32 |     2 ||    44
       Fireball          |       |       |    11 |    56 |    90 |     6 ||   163
       Sticky Flame      |       |       |       |    73 |   115 |    17 ||   205
       Dazzling Spray    |       |       |       |     8 |       |       ||     8
       Olgreb's Toxic Ra |       |       |       |    18 |    91 |    20 ||   129
       Bolt of Magma     |       |       |       |       |    74 |    18 ||    92
       Ignition          |       |       |       |       |    25 |    33 ||    58
 Abil: Breathe Fire      |       |       |    10 |     8 |    10 |     1 ||    29
Evoke: Wand              |       |       |       |     2 |     9 |    14 ||    25
       Phantom mirror    |       |       |       |       |     1 |       ||     1
  Use: Scroll            |       |    11 |     7 |    11 |    12 |     6 ||    47
       Potion            |       |       |     1 |       |     7 |     7 ||    15
 Stab: Sleeping          |       |     4 |     1 |     1 |       |       ||     6
       Paralysed         |       |       |       |       |    13 |       ||    13
  Eat: Chunk             |     4 |    10 |    26 |    40 |    81 |    32 ||   193
       Ration            |       |       |     1 |     5 |    10 |     4 ||    20
Armor: Skin              |    31 |    39 |   121 |   144 |   186 |    56 ||   577
Dodge: Dodged            |    78 |    56 |   191 |   316 |   607 |   178 ||  1426
       Deflected         |       |       |       |       |     3 |       ||     3
Block: Buckler           |       |       |       |   122 |   167 |    41 ||   330

Table legend:
 A = Non-vault XP
 B = Vault XP
 C = Vault XP percentage of total XP
 D = Non-vault monster count
 E = Vault monster count
 F = Vault count percentage of total count
                 A         B        C        D         E       F
            +---------+---------+-------+---------+---------+-------
      Total |  130450 |   69977 |  34.9 |     641 |     186 |  22.5
            +---------+---------+-------+---------+---------+-------
        D:1 |      38 |       6 |  13.6 |      22 |       3 |  12.0
        D:2 |     216 |      77 |  26.3 |      30 |       2 |   6.2
        D:3 |     101 |     262 |  72.2 |      23 |       1 |   4.2
        D:4 |     155 |     223 |  59.0 |      21 |       1 |   4.5
        D:5 |     783 |       0 |   0.0 |      27 |       0 |   0.0
        D:6 |     583 |       0 |   0.0 |      17 |       0 |   0.0
        D:7 |     847 |     220 |  20.6 |      20 |       1 |   4.8
        D:8 |     492 |    1035 |  67.8 |      24 |       9 |  27.3
        D:9 |     811 |       0 |   0.0 |      20 |       0 |   0.0
       D:10 |    4094 |    1659 |  28.8 |      37 |      10 |  21.3
       D:11 |    3752 |     984 |  20.8 |      30 |       1 |   3.2
       D:12 |    6918 |     207 |   2.9 |      38 |       1 |   2.6
       D:13 |    4380 |    4496 |  50.7 |      16 |      13 |  44.8
       D:14 |    7742 |    8178 |  51.4 |      25 |      16 |  39.0
       D:15 |   16543 |    5524 |  25.0 |      37 |       6 |  14.0
     Lair:1 |    1967 |     528 |  21.2 |       5 |       4 |  44.4
     Lair:2 |    4615 |    2086 |  31.1 |      20 |      11 |  35.5
     Lair:3 |    9097 |       0 |   0.0 |      45 |       0 |   0.0
     Lair:4 |    5621 |    1386 |  19.8 |      24 |       6 |  20.0
     Lair:5 |    4599 |    6383 |  58.1 |      15 |      21 |  58.3
     Lair:6 |   15190 |    2943 |  16.2 |      28 |       5 |  15.2
      Orc:1 |    4210 |     137 |   3.2 |      23 |       1 |   4.2
      Orc:2 |    4265 |    8300 |  66.1 |      30 |      23 |  43.4
      Elf:1 |    9842 |   12927 |  56.8 |      15 |      23 |  60.5
      Elf:2 |   16663 |    1826 |   9.9 |      25 |       2 |   7.4
      Elf:3 |     535 |    3903 |  87.9 |       1 |       3 |  75.0
    Abyss:2 |    6391 |       0 |   0.0 |      23 |       0 |   0.0
    Ossuary |       0 |     151 | 100.0 |       0 |      16 | 100.0
    Volcano |       0 |    6536 | 100.0 |       0 |       7 | 100.0
            +---------+---------+-------+---------+---------+-------
